 Dungeon Crawl Stone Soup version 0.26.1-11-gd32895ea62 (webtiles) character file.

Game seed: 13072746349087558261

286 Gwenloh the Cutter (level 6, -18/37 HPs)
             Began as a Kobold Abyssal Knight on May 28, 2021.
             Was a Believer of Lugonu.
             Demolished by an ogre
             ... wielding a +0 giant club
              (20 damage)
             ... on level 4 of the Dungeon on May 29, 2021.
             The game lasted 00:10:33 (3810 turns).

Gwenloh the Cutter (Kobold Abyssal Knight)          Turns: 3810, Time: 00:10:34

Health: -18/37     AC:  5    Str:  9    XL:     6   Next: 56%
Magic:  0/9        EV: 13    Int: 13    God:    Lugonu [**....]
Gold:   163        SH:  0    Dex: 17    Spells: 5/5 levels left

rFire    . . .     SeeInvis .   a - +1 dagger (protect)
rCold    . . .     Faith    .   (shield restricted)
rNeg     . . .     Spirit   +   p - +0 ring mail
rPois    .         Reflect  .   (no helmet)
rElec    .         Harm     .   (no cloak)
rCorr    .         Rampage  .   (no gloves)
Will     +....                  (no boots)
Stlth    +++.......             q - amulet of guardian spirit
HPRegen  0.12/turn              j - ring of willpower
MPRegen  0.11/turn              (no ring)

@: no status effects
A: small, nightstalker 3
a: Renounce Religion, Depart the Abyss, Bend Space


You were on level 4 of the Dungeon.
You worshipped Lugonu.
Lugonu was pleased with you.
You visited 1 branch of the dungeon, and saw 4 of its levels.
You visited the Abyss 1 time.

You collected 163 gold pieces.

Inventory:

Hand Weapons
 a - a +1 dagger of protection (weapon)
 b - a +0 hunting sling
 c - a +1 short sword
Missiles
 d - 120 stones
 v - a throwing net
 w - 7 atropa-tipped darts
Armour
 p - a +0 ring mail (worn)
 t - a +0 leather armour
Jewellery
 f - an uncursed amulet of regeneration
 j - a ring of willpower (left hand)
 q - an amulet of guardian spirit (around neck)
 y - an uncursed amulet of reflection
Scrolls
 g - 9 scrolls of identify {unknown}
 i - 2 scrolls of enchant weapon {unknown}
 l - a scroll of fear {unknown}
 o - 2 scrolls of remove curse {unknown}
 r - 2 scrolls of enchant armour {unknown}
 s - a scroll of magic mapping {unknown}
 u - a scroll of teleportation {unknown}
 x - a scroll of random uselessness {unknown}
 z - a scroll of immolation {unknown}
 A - a scroll of fog {unknown}
Potions
 e - a potion of mutation {unknown}
 h - 2 potions of brilliance {unknown}
 k - a potion of attraction {unknown}
 m - a potion of degeneration {unknown}
 n - 3 potions of heal wounds {unknown}


   Skills:
 - Level 3.2 Fighting
 * Level 6.8 Short Blades
 - Level 0.7 Armour
 - Level 2.4 Dodging
 + Level 2.6 Stealth
 + Level 4.0 Invocations


You had 5 spell levels left.
You didn't know any spells.
Your spell library was empty.

Dungeon Overview and Level Annotations

Branches:
Dungeon (4/15)
 Temple: D:4-7

Altars:
Hepliaklqana
Sif Muna
Trog


Innate Abilities, Weirdness & Mutations

You are small and have problems with some larger weapons.
You are completely attuned to the shadows.


Message History

You closely miss the hound skeleton.
The hound skeleton is moderately damaged.
You hit the ogre.
The ogre is lightly wounded.
You barely miss the ogre.
The ogre is lightly wounded.
You hit the ogre but do no damage.
The ogre is lightly wounded.
The ogre closely misses you.
You hit the ogre.
The ogre is lightly wounded.
You hit the ogre.
The ogre is moderately wounded.
The ogre hits you with a +0 giant club!!
Ouch! That really hurt!
* * * LOW HITPOINT WARNING * * *
There is a stone staircase leading up here.
The ogre hits you with a +0 giant club!!
Ouch! That really hurt!
You die...

###......#...#
##......###...
#...orZ.# ##.
#.##o#r.#
+.##.##.#
###Z.# .#
#Z.## #
###O####.
#...@....
##....#### ###
##...### #.#
#....#
#.###....#
#........#
#......).#
#........#
##########


You could see an ogre and a hound skeleton.

Vanquished Creatures
  A howler monkey (D:4)
  2 hounds (D:4)
  A bullfrog skeleton (D:2)
  4 adders
  4 gnolls (D:3)
  2 oozes
  A worm (D:2)
  2 leopard geckos
  2 orcs (D:4)
  3 giant cockroaches
  13 goblins
  9 hobgoblins
  A quokka (D:4)
  A ball python (D:1)
  4 bats (D:2)
  8 frilled lizards
  10 kobolds
  7 rats
75 creatures vanquished.

Notes
Turn   | Place    | Note
-------+----------+-------------------------------------------
     0 | Abyss:1  | Gwenloh the Kobold Abyssal Knight began the quest for the
                  | Orb.
     0 | Abyss:1  | Reached XP level 1. HP: 14/14 MP: 2/2
    58 | Abyss:1  | Noticed a lich
    59 | D:1      | Escaped the Abyss
   212 | D:1      | Reached skill level 3 in Short Blades
   212 | D:1      | Reached XP level 2. HP: 19/19 MP: 3/3
   290 | D:1      | Reached * piety under Lugonu
   454 | D:1      | Reached XP level 3. HP: 18/23 MP: 4/4
   599 | D:1      | Reached skill level 4 in Short Blades
  1566 | D:2      | Reached skill level 5 in Short Blades
  1566 | D:2      | Reached XP level 4. HP: 17/28 MP: 3/6
  1728 | D:2      | Found a hazy altar of Hepliaklqana.
  1759 | D:2      | Found a bloodstained altar of Trog.
  2072 | D:2      | Reached XP level 5. HP: 30/32 MP: 7/7
  2131 | D:2      | Reached ** piety under Lugonu
  2792 | D:3      | Reached skill level 1 in Stealth
  2950 | D:3      | Reached skill level 6 in Short Blades
  3178 | D:3      | Found a shimmering blue altar of Sif Muna.
  3460 | D:4      | Noticed an ogre
  3761 | D:4      | Reached XP level 6. HP: 20/37 MP: 4/8
  3810 | D:4      | Demolished by an ogre

Illustrated notes

Levels and vault maps discovered:
D:1:      psy_arrival_radial01, layout_basic
D:2:      layout_loops_ring, nzn_hepliaklqana_mist_gate, old_standard_altar,
          hex_medium, minmay_goblin_outpost
D:3:      layout_rooms, lemuel_blue_sif_altar
D:4:      layout_rooms, chequers_temple_overflow_minitemple,
          minmay_ruined_shrine

Skill      XL: |  1  2  3  4  5  6 |
---------------+-------------------+-----
Short Blades   | 3 5 6 |  6.8
Invocations    | 3 4 |  4.0
Stealth        | 2 |  2.6
Fighting       | |  3.2
Armour         | |  0.7
Dodging        | |  2.4

Action                   |  1- 3 |  4- 6 || total
-------------------------+-------+-------++-------
Melee: Dagger            |   126 |   282 ||   408
       Short sword       |     2 |       ||     2
 Fire: Hunting sling     |       |    23 ||    23
Invok: Depart the Abyss  |     1 |       ||     1
 Stab: Sleeping          |     6 |     1 ||     7
       Distracted        |       |     2 ||     2
Armor: Leather armour    |    10 |       ||    10
       Ring mail         |     7 |    86 ||    93
Dodge: Dodged            |    64 |   138 ||   202
